NCAA
ARIZONA STATE SUN DEVILS @ VILLANOVA WILDCATS
04/30/2025
 
TOP OF THE 1ST
Arizona State Sun Devils batting - Pitching for Villanova Wildcats : RHP Billy Jacobs
Pitching: RHP Billy Jacobs
Batting: RHB Matt Tucker 0-0: Called Strike
0-1: SINGLE (Line Drive, 8LS)
Batting: RHB Walter Brown 0-0: Ball
1-0: Ground out 1-3 (Groundball, 34S)
Matt Tucker to second
Batting: RHB Edison Olson 0-0: SINGLE (Line Drive, 89S)
Matt Tucker to third
Batting: RHB Edmund Swanson 0-0: Called Strike
0-1: Ball
1-1: Foul Ball, location: 2F
1-2: Ball
2-2: Foul Ball, location: 2F
2-2: Strikes out swinging
Batting: RHB John Brown 0-0: Called Strike
0-1: Foul Ball, location: 2F
0-2: Fly out, F7 (Flyball, 7M)
Top of the 1st over - 0 run(s), 2 hit(s), 0 error(s), 2 left on base; Arizona State 0 - Villanova 0
BOTTOM OF THE 1ST
Villanova Wildcats batting - Pitching for Arizona State Sun Devils : RHP Kevin Warren
Pitching: RHP Kevin Warren
Batting: RHB Jason Powers 0-0: Ball
1-0: Ball
2-0: Ball
3-0: Called Strike
3-1: Called Strike
3-2: SINGLE (Line Drive, 4D)
Batting: RHB Robbie Anderson 0-0: Ball
Jason Powers steals 2nd base
1-0: Reached on error, E5 (Groundball, 5)
Jason Powers to third
Batting: LHB Steven Smith 0-0: Ball
1-0: Called Strike
1-1: Swinging Strike
1-2: 3-RUN HOME RUN (Flyball, 8RXD), Distance : 393 ft
Batting: RHB Ron Elazar 0-0: Ball
1-0: Foul Ball, location: 2F
1-1: Ball
2-1: Foul Ball, location: 2F
2-2: Foul Ball, location: 2F
2-2: Ball
3-2: Foul Ball, location: 2F
3-2: Base on Balls
Batting: RHB Jorge Barrios 0-0: Foul Ball, location: 2F
0-1: Foul Ball, location: 2F
0-2: Foul Ball, location: 2F
0-2: Ball
1-2: Foul Ball, location: 2F
1-2: Strikes out swinging
Batting: RHB Dan McKay 0-0: Called Strike
0-1: Ball
1-1: Ball
2-1: Ball
3-1: Base on Balls
Ron Elazar to second
Batting: SHB Lorenzo Gómez 0-0: SINGLE (Groundball, 3D)
Ron Elazar to third
Dan McKay to second
Runner from 3rd tries for Home, SAFE, no throw or cutoff
Batting: RHB Ricardo López 0-0: Fielders Choice at 2nd, 1-6 (Groundball, 13S)
Dan McKay to third
Batting: RHB Juan Romero 0-0: Ball
1-0: Ground out 1-3 (Groundball, 13S)
Bottom of the 1st over - 4 run(s), 3 hit(s), 1 error(s), 2 left on base; Arizona State 0 - Villanova 4
TOP OF THE 2ND
Arizona State Sun Devils batting - Pitching for Villanova Wildcats : RHP Billy Jacobs
Batting: RHB Carlos García 0-0: Ball
1-0: Ball
2-0: Called Strike
2-1: SINGLE (Groundball, 56)
Batting: RHB Eugene Ackerman 0-0: Ball
1-0: Ball
2-0: Ball
3-0: Base on Balls
Carlos García to second
Batting: RHB Roger Rush 0-0: Called Strike
0-1: Foul Ball, location: 2F
0-2: Strikes out swinging
Batting: LHB Millard Adams 0-0: Swinging Strike
0-1: Swinging Strike
0-2: Ball
1-2: Strikes out swinging
Batting: RHB Matt Tucker 0-0: Swinging Strike
0-1: Ball
1-1: Swinging Strike
1-2: Fly out, F4 (Popup, 6MD)
Top of the 2nd over - 0 run(s), 1 hit(s), 0 error(s), 2 left on base; Arizona State 0 - Villanova 4
BOTTOM OF THE 2ND
Villanova Wildcats batting - Pitching for Arizona State Sun Devils : RHP Kevin Warren
Batting: RHB Jason Powers 0-0: Ball
1-0: SINGLE (Line Drive, 7S)
Batting: RHB Robbie Anderson 0-0: Called Strike
0-1: Ball
Jason Powers steals 2nd base
1-1: Foul Ball, location: 2F
1-2: Foul Ball, location: 2F
1-2: Foul Ball, location: 2F
1-2: Ball
Passed Ball!
Jason Powers to third
2-2: Fly out, F7 (Flyball, 7S)
Runner from 3rd tags up, SCORES, throw made
Batting: LHB Steven Smith 0-0: Swinging Strike
0-1: Ball
1-1: Fly out, F7 (Flyball, 7LMF)
Batting: RHB Ron Elazar 0-0: Ball
1-0: Ball
2-0: Ball
3-0: Called Strike
3-1: Foul Ball, location: 2F
3-2: Foul Ball, location: 2F
3-2: Base on Balls
Batting: RHB Jorge Barrios 0-0: 2-RUN HOME RUN (Flyball, 78XD), Distance : 373 ft
Batting: RHB Dan McKay 0-0: Called Strike
0-1: SINGLE (Groundball, 6D)
Batting: SHB Lorenzo Gómez 0-0: Called Strike
0-1: Ball
1-1: Fly out, F9 (Flyball, 9LMF)
Bottom of the 2nd over - 3 run(s), 3 hit(s), 0 error(s), 1 left on base; Arizona State 0 - Villanova 7
TOP OF THE 3RD
Arizona State Sun Devils batting - Pitching for Villanova Wildcats : RHP Billy Jacobs
Batting: RHB Walter Brown 0-0: Foul Ball, location: 2F
0-1: Foul Ball, location: 2F
0-2: Ball
1-2: Foul Ball, location: 2F
1-2: Ball
2-2: Foul Ball, location: 2F
2-2: Fly out, F8 (Line Drive, 8RM)
Batting: RHB Edison Olson 0-0: Swinging Strike
0-1: Ground out 1-3 (Groundball, 15)
Batting: RHB Edmund Swanson 0-0: Called Strike
0-1: Ball
1-1: Called Strike
1-2: Ball
2-2: Ball
3-2: Base on Balls
Batting: RHB John Brown 0-0: Ball
1-0: Ball
2-0: Foul Ball, location: 2F
2-1: Foul Ball, location: 2F
2-2: Strikes out swinging
Top of the 3rd over - 0 run(s), 0 hit(s), 0 error(s), 1 left on base; Arizona State 0 - Villanova 7
BOTTOM OF THE 3RD
Villanova Wildcats batting - Pitching for Arizona State Sun Devils : RHP Kevin Warren
Batting: RHB Ricardo López 0-0: Foul Ball, location: 2F
0-1: Ball
1-1: Ball
2-1: Ball
3-1: Swinging Strike
3-2: Base on Balls
Batting: RHB Juan Romero 0-0: Fielders Choice at 2nd, 6-4 (Groundball, 6M)
Batting: RHB Jason Powers 0-0: Ball
Juan Romero steals 2nd base
1-0: Ground out 1-3 (Groundball, 25)
Batting: RHB Robbie Anderson 0-0: Ball
1-0: Swinging Strike
1-1: Foul Ball, location: 2F
1-2: Strikes out swinging
Bottom of the 3rd over - 0 run(s), 0 hit(s), 0 error(s), 1 left on base; Arizona State 0 - Villanova 7
TOP OF THE 4TH
Arizona State Sun Devils batting - Pitching for Villanova Wildcats : RHP Billy Jacobs
Batting: RHB Carlos García 0-0: Fly out, F9 (Flyball, 9M)
Batting: RHB Eugene Ackerman 0-0: Swinging Strike
0-1: Ball
1-1: Called Strike
1-2: Ball
2-2: Foul Ball, location: 2F
2-2: Ball
3-2: Strikes out looking
Batting: RHB Roger Rush 0-0: Called Strike
0-1: Ball
1-1: Swinging Strike
1-2: Strikes out looking
Top of the 4th over - 0 run(s), 0 hit(s), 0 error(s), 0 left on base; Arizona State 0 - Villanova 7
BOTTOM OF THE 4TH
Villanova Wildcats batting - Pitching for Arizona State Sun Devils : RHP Kevin Warren
Pitching: RHP Ismael Mateo
Batting: LHB Steven Smith 0-0: Ball
1-0: Called Strike
1-1: Foul Ball, location: 2F
1-2: Strikes out swinging
Batting: RHB Ron Elazar 0-0: Ball
1-0: Called Strike
1-1: Foul Ball, location: 2F
1-2: Ground out 5-3 (Groundball, 5S)
Batting: RHB Jorge Barrios 0-0: Ball
1-0: SINGLE (Groundball, 6M)
Batting: RHB Dan McKay 0-0: Fly out, F9 (Flyball, 9S)
Bottom of the 4th over - 0 run(s), 1 hit(s), 0 error(s), 1 left on base; Arizona State 0 - Villanova 7
TOP OF THE 5TH
Arizona State Sun Devils batting - Pitching for Villanova Wildcats : RHP Billy Jacobs
Batting: LHB Millard Adams 0-0: Ball
1-0: Foul Ball, location: 2F
1-1: Called Strike
1-2: Ball
2-2: Strikes out swinging
Batting: RHB Matt Tucker 0-0: SOLO HOME RUN (Line Drive, 7D), Distance : 354 ft
Batting: RHB Walter Brown 0-0: Called Strike
0-1: Swinging Strike
0-2: Strikes out swinging
Batting: RHB Edison Olson 0-0: Foul Ball, location: 2F
0-1: Ball
1-1: Called Strike
1-2: Strikes out swinging
Top of the 5th over - 1 run(s), 1 hit(s), 0 error(s), 0 left on base; Arizona State 1 - Villanova 7
BOTTOM OF THE 5TH
Villanova Wildcats batting - Pitching for Arizona State Sun Devils : RHP Ismael Mateo
Batting: SHB Lorenzo Gómez 0-0: Ball
1-0: Fly out, F9 (Flyball, 9M)
Batting: RHB Ricardo López 0-0: Swinging Strike
0-1: Ball
1-1: Ground out 4-3 (Groundball, 4)
Batting: RHB Juan Romero 0-0: Ball
1-0: Ball
2-0: Ball
3-0: Base on Balls
Batting: RHB Jason Powers 0-0: Ball
1-0: Called Strike
1-1: Hit by Pitch
Juan Romero to second
Pinch Runner at 1st Tom Hooper:
Batting: RHB Robbie Anderson 0-0: Swinging Strike
0-1: Foul Ball, location: 2F
0-2: Ball
1-2: Ball
2-2: Foul Ball, location: 2F
2-2: Strikes out swinging
Bottom of the 5th over - 0 run(s), 0 hit(s), 0 error(s), 2 left on base; Arizona State 1 - Villanova 7
TOP OF THE 6TH
Arizona State Sun Devils batting - Pitching for Villanova Wildcats : RHP Billy Jacobs
Now in CF: Tom Hooper
Batting: RHB Edmund Swanson 0-0: Ball
1-0: Foul Ball, location: 2F
1-1: Called Strike
1-2: Ball
2-2: Fly out, F7 (Flyball, 7LM)
Pitching: RHP Steve Gore
Batting: RHB John Brown 0-0: Called Strike
0-1: Swinging Strike
0-2: Ball
1-2: Strikes out swinging
Batting: RHB Carlos García 0-0: Ball
1-0: Ball
2-0: Called Strike
2-1: Ground out 6-3 (Groundball, 6)
Top of the 6th over - 0 run(s), 0 hit(s), 0 error(s), 0 left on base; Arizona State 1 - Villanova 7
BOTTOM OF THE 6TH
Villanova Wildcats batting - Pitching for Arizona State Sun Devils : RHP Ismael Mateo
Batting: LHB Steven Smith 0-0: Ball
1-0: Ball
2-0: Ball
3-0: Called Strike
3-1: Foul Ball, location: 2F
3-2: Strikes out looking
Batting: RHB Ron Elazar 0-0: Ball
1-0: Called Strike
1-1: Called Strike
1-2: Ball
2-2: SOLO HOME RUN (Flyball, 9LD), Distance : 321 ft
Batting: RHB Jorge Barrios 0-0: Ball
1-0: SINGLE (Groundball, 4MD)
Batting: RHB Dan McKay 0-0: Ball
1-0: Foul Ball, location: 2F
1-1: DOUBLE (Line Drive, 7LS)
Jorge Barrios to third
Runner from 3rd tries for Home, SAFE, throw made home
Batting: SHB Lorenzo Gómez 0-0: Called Strike
0-1: Swinging Strike
0-2: Ball
1-2: Foul Ball, location: 2F
1-2: Strikes out looking
Batting: RHB Ricardo López 0-0: Ball
1-0: Called Strike
1-1: Foul Ball, location: 2F
1-2: Foul Ball, location: 2F
1-2: Foul Ball, location: 2F
1-2: Fly out, F3 (Popup, 3F)
Bottom of the 6th over - 2 run(s), 3 hit(s), 0 error(s), 1 left on base; Arizona State 1 - Villanova 9
TOP OF THE 7TH
Arizona State Sun Devils batting - Pitching for Villanova Wildcats : RHP Steve Gore
Batting: RHB Eugene Ackerman 0-0: Ball
1-0: Swinging Strike
1-1: Foul Ball, location: 2F
1-2: Strikes out swinging
Batting: RHB Roger Rush 0-0: Foul Ball, location: 2F
0-1: Fly out, F8 (Flyball, 8LXD)
Batting: LHB Millard Adams 0-0: Ball
1-0: Foul Ball, location: 2F
1-1: Ball
2-1: Ball
3-1: Fly out, F9 (Flyball, 89M)
Top of the 7th over - 0 run(s), 0 hit(s), 0 error(s), 0 left on base; Arizona State 1 - Villanova 9
BOTTOM OF THE 7TH
Villanova Wildcats batting - Pitching for Arizona State Sun Devils : RHP Ismael Mateo
Pitching: RHP Manuel Pérez
Batting: RHB Juan Romero 0-0: Ground out 4-3 (Groundball, 4)
Batting: RHB Tom Hooper 0-0: Ground out 6-3 (Groundball, 6M)
Batting: RHB Robbie Anderson 0-0: Ball
1-0: Ball
2-0: Called Strike
2-1: Ball
3-1: Called Strike
3-2: Base on Balls
Batting: LHB Steven Smith 0-0: Ball
1-0: Called Strike
1-1: Swinging Strike
1-2: Foul Ball, location: 2F
1-2: Ball
2-2: Foul Ball, location: 2F
2-2: Foul Ball, location: 2F
2-2: Ground out 4-3 (Groundball, 4)
Bottom of the 7th over - 0 run(s), 0 hit(s), 0 error(s), 1 left on base; Arizona State 1 - Villanova 9
TOP OF THE 8TH
Arizona State Sun Devils batting - Pitching for Villanova Wildcats : RHP Steve Gore
Batting: RHB Matt Tucker 0-0: Ball
1-0: Ball
2-0: Ball
3-0: Swinging Strike
3-1: Base on Balls
Batting: RHB Walter Brown 0-0: Called Strike
0-1: Foul Ball, location: 2F
0-2: Ball
1-2: Foul Ball, location: 2F
1-2: Foul Ball, location: 2F
1-2: Foul Ball, location: 2F
1-2: Strikes out swinging
Pitching: RHP Armando López
Batting: RHB Edison Olson 0-0: DOUBLE (Flyball, 78M)
Matt Tucker to third
Batting: RHB Edmund Swanson 0-0: Ball
1-0: SINGLE (Line Drive, 7LS)
Matt Tucker scores
Edison Olson to third
Pinch Hitting: RHB Joaquín Valenzuela 0-0: Ball
1-0: Fly out, F8 (Flyball, 8RM)
Throwing error, E8
Edison Olson scores
Edmund Swanson to second
Batting: RHB Carlos García 0-0: Called Strike
0-1: Ball
1-1: Ball
2-1: 2-RUN HOME RUN (Flyball, 7D), Distance : 352 ft
Batting: RHB Eugene Ackerman 0-0: DOUBLE (Line Drive, 3L)
Batting: RHB Roger Rush 0-0: 2-RUN HOME RUN (Line Drive, 9D), Distance : 370 ft
Batting: LHB Millard Adams 0-0: Ball
1-0: Called Strike
1-1: Ball
2-1: Ball
3-1: Foul Ball, location: 2F
3-2: Foul Ball, location: 2F
3-2: Foul Ball, location: 2F
3-2: Base on Balls
Pitching: RHP John Walker
Batting: RHB Matt Tucker 0-0: Swinging Strike
0-1: Ball
1-1: Ball
2-1: Swinging Strike
2-2: Ball
3-2: Foul Ball, location: 2F
3-2: Strikes out looking
Top of the 8th over - 6 run(s), 5 hit(s), 1 error(s), 1 left on base; Arizona State 7 - Villanova 9
BOTTOM OF THE 8TH
Villanova Wildcats batting - Pitching for Arizona State Sun Devils : RHP Manuel Pérez
Now in CF: Joaquín Valenzuela
Batting: RHB Ron Elazar 0-0: Foul Ball, location: 2F
0-1: Ball
1-1: Ball
2-1: Ball
3-1: Base on Balls
Batting: RHB Jorge Barrios 0-0: Ball
1-0: Foul Ball, location: 2F
1-1: Foul Ball, location: 2F
1-2: Foul Ball, location: 2F
1-2: Ball
2-2: Ball
3-2: Strikes out swinging
Ron Elazar steals 2nd base
Batter strikes out.
Batting: RHB Dan McKay 0-0: Intentional Walk
Batting: SHB Lorenzo Gómez 0-0: Ball
1-0: Foul Ball, location: 2F
1-1: Foul Ball, location: 2F
1-2: Strikes out swinging
Batting: RHB Ricardo López 0-0: Ball
1-0: Ball
2-0: Called Strike
2-1: Ball
3-1: Base on Balls
Ron Elazar to third
Dan McKay to second
Batting: RHB Juan Romero 0-0: Fly out, F9 (Flyball, 89M)
Bottom of the 8th over - 0 run(s), 0 hit(s), 0 error(s), 3 left on base; Arizona State 7 - Villanova 9
TOP OF THE 9TH
Arizona State Sun Devils batting - Pitching for Villanova Wildcats : RHP John Walker
Pitching: RHP Mathieu Bourbeau
Batting: RHB Walter Brown 0-0: Ball
1-0: Swinging Strike
1-1: Ball
2-1: Ball
3-1: Foul Ball, location: 2F
3-2: Strikes out swinging
Batting: RHB Edison Olson 0-0: Ball
1-0: Called Strike
1-1: Called Strike
1-2: Foul Ball, location: 2F
1-2: Ball
2-2: Foul Ball, location: 2F
2-2: Strikes out swinging
Batting: RHB Edmund Swanson 0-0: Called Strike
0-1: Called Strike
0-2: Ball
1-2: Ball
2-2: Strikes out swinging
Top of the 9th over - 0 run(s), 0 hit(s), 0 error(s), 0 left on base; Arizona State 7 - Villanova 9
This league is powered by Out of the Park Baseball, the baseball management simulation game for PC, Mac and Linux
Tuesday, August 2nd, 2016 - OOTP Baseball 16.8 Build 38